 Dungeon Crawl Stone Soup version 0.26-a0-651-gb41185065b (webtiles) character file.

Game seed: 6179542694386978244

414 Apogee the Chiller (level 6, -1/45 HPs)
             Began as a Draconian Ice Elementalist on Oct 12, 2020.
             Hit by a stone thrown by a wight (5 damage)
             ... on level 4 of the Dungeon.
             The game lasted 00:06:19 (4216 turns).

Apogee the Chiller (Draconian Ice Elementalist)     Turns: 4216, Time: 00:06:20

Health: -1/45      AC:  8    Str: 10    XL:     6   Next: 60%
Magic:  1/12       EV: 12    Int: 18    God:
Gold:   101        SH:  0    Dex: 11    Spells: 6/13 levels left

rFire    . . .     SeeInvis .   a - +0 whip (holy)
rCold    . . .     Faith    .   (no shield)
rNeg     . . .     Spirit   .   (armour unavailable)
rPois    .         Reflect  .   h - +2 hat
rElec    .         Harm     .   (no cloak)
rCorr    .         Rampage  .   (no gloves)
MR       .....                  (no boots)
Stlth    ++........             (no amulet)
HPRegen  0.15/turn              (no ring)
MPRegen  0.13/turn              (no ring)

@: drained
A: unfitting armour, cold-blooded, AC +6
a: no special abilities


You were on level 4 of the Dungeon.
You visited 1 branch of the dungeon, and saw 4 of its levels.

You collected 101 gold pieces.

Inventory:

Hand Weapons
 a - a +0 whip of holy wrath (weapon)
   (You found it on level 1 of the Dungeon)
Armour
 h - a +2 hat (worn)
   (You found it on level 2 of the Dungeon)
Jewellery
 l - an uncursed ring of ice {unknown}
   (You found it on level 2 of the Dungeon)
Scrolls
 b - 7 scrolls of identify {unknown}
 e - a scroll of fog {unknown}
 i - 3 scrolls of teleportation {unknown}
 j - a scroll of remove curse {unknown}
 m - a scroll of enchant weapon {unknown}
 n - a scroll of enchant armour {unknown}
 o - a scroll of random uselessness {unknown}
Potions
 c - a potion of brilliance {unknown}
 d - a potion of might {unknown}
 f - a potion of flight {unknown}
 g - a potion of degeneration {unknown}
 k - a potion of stabbing {unknown}


   Skills:
 - Level 1.7(1.1) Dodging
 - Level 1.7(1.1) Stealth
 + Level 4.0(3.3) Spellcasting
 * Level 7.0(6.2) Ice Magic


You had 6 spell levels left.
You knew the following spells:

 Your Spells              Type           Power        Failure   Level
a - Freeze                Ice            ####         1%          1
b - Frozen Ramparts       Ice            ####..       3%          3
c - Ozocubu's Armour      Ice            ####....     3%          3

Your spell library contained the following spells:

 Spells                   Type           Power        Failure   Level
 Hailstorm                Conj/Ice       ##......     41%         4
 Summon Ice Beast         Ice/Summ       ##......     41%         4


Dungeon Overview and Level Annotations

Branches:
Dungeon (4/15)
 Temple: D:4-7

Altars:
Dithmenos
Qazlal


Innate Abilities, Weirdness & Mutations

Your plain brown scales are hard. (AC +6)
You cannot fit into any form of body armour.
You are cold-blooded and may be slowed by cold attacks.


Message History

A film of ice covers your body!
The killer bee zombie completely misses you.
The killer bee zombie hits you. The wight hits you but does no damage.
You hit the wight but do no damage.
The killer bee zombie closely misses you.
The killer bee zombie hits you.
The wight throws a stone.
The stone closely misses you.
The wight hits you with a +2 vorpal mace.
You hit the wight.
The wight convulses.
The killer bee zombie closely misses you.
The killer bee zombie completely misses you.
The wight misses you.
You barely miss the wight.
The killer bee zombie hits you but does no damage.
The wight hits you but does no damage.
The killer bee zombie hits you but does no damage.
The wight hits you with a +2 vorpal mace.
You hit the wight.
The wight convulses.
The killer bee zombie hits you but does no damage.
The wight barely misses you.
The killer bee zombie closely misses you.
You hit the wight but do no damage.
The killer bee zombie closely misses you.
The wight hits you but does no damage. The wight hits you with a +5 dagger!
* * * LOW HITPOINT WARNING * * *
The killer bee zombie closely misses you.
The wight hits you but does no damage.
You barely miss the wight.
The killer bee zombie closely misses you.
The wight misses you.
The killer bee zombie closely misses you.
The wight hits you but does no damage.
You hit the wight but do no damage.
The killer bee zombie hits you but does no damage.
The wight hits you but does no damage.
The killer bee zombie barely misses you.
The wight hits you with a +5 dagger.
* * * LOW HITPOINT WARNING * * *
You closely miss the wight.
The killer bee zombie hits you but does no damage.
A hound skeleton comes into view.
The wight hits you but does no damage. The wight hits you with a +5 dagger.
* * * LOW HITPOINT WARNING * * *
You feel drained. The killer bee zombie hits you.
* * * LOW HITPOINT WARNING * * *
Your icy armour cracks and falls away as you move.
The killer bee zombie hits you.
* * * LOW HITPOINT WARNING * * *
The wight misses you.
The wight throws a stone.
The stone hits you.
You die...

. ##. ..........#
.#Z. ..........#
...##........
#.........h.
#........##
#.......... ##
#..z## ...
##...Z#
...####..z@.#
##.........###
.......##..†.###
........†.(.<..#
#.........(....##
#...(...........#
###..........#..#
#............####
##......#....#


You could see 2 wights, a killer bee zombie and a hound skeleton (wandering).

Vanquished Creatures
  A wight (D:3)
  2 howler monkeys (D:4)
  3 hounds
  An orc priest (D:3)
  An orc wizard (D:3)
  Natasha (twice) (D:2)
  2 adder skeletons (D:4)
  3 worms (D:2)
  4 dart slugs
  2 leopard geckos
  6 orcs (D:3)
  3 giant cockroaches
  10 goblins
  5 hobgoblins
  8 jackals
  5 quokkas
  A ball python (D:2)
  6 bats
  6 frilled lizards
  9 kobolds
  11 rats
91 creatures vanquished.

Vanquished Creatures (others)
  4 plants (D:1)
4 creatures vanquished.

Grand Total: 95 creatures vanquished

Notes
Turn   | Place    | Note
-------+----------+-------------------------------------------
     0 | D:1      | Apogee the Draconian Ice Elementalist began the quest for
                  | the Orb.
     0 | D:1      | Reached XP level 1. HP: 14/14 MP: 3/3
   344 | D:1      | Reached XP level 2. HP: 18/20 MP: 5/5
  1234 | D:1      | Reached XP level 3. HP: 25/26 MP: 6/6
  1777 | D:2      | Reached skill level 5 in Ice Magic
  2033 | D:2      | Noticed Natasha
  2042 | D:2      | Killed Natasha
  2042 | D:2      | Reached XP level 4. HP: 25/33 MP: 4/8
  2266 | D:2      | Found a stormy altar of Qazlal.
  2569 | D:3      | Learned a level 3 spell: Frozen Ramparts
  2613 | D:2      | Noticed Natasha
  2872 | D:2      | Killed Natasha
  2872 | D:2      | Reached XP level 5. HP: 38/38 MP: 4/9
  3232 | D:3      | Found a shadowy altar of Dithmenos.
  3314 | D:3      | Reached skill level 6 in Ice Magic
  3572 | D:4      | Reached XP level 6. HP: 24/45 MP: 1/11
  4049 | D:3      | Learned a level 3 spell: Ozocubu's Armour
  4194 | D:4      | Reached skill level 7 in Ice Magic
  4216 | D:4      | Hit by a stone thrown by a wight

Illustrated notes

Levels and vault maps discovered:
D:1:      wander_arrival_lonely_grave, layout_basic, chequers_big_river,
          minivault_24
D:2:      layout_basic, nicolae_qazlal_eye_of_the_storm,
          hangedman_decor_peaks_small, minmay_randomly_rotated_circles,
          uniq_natasha
D:3:      layout_basic, grunt_dithmenos_smoke
D:4:      layout_cave_pools, makhleb_grotto_becter

Skill      XL: |  1  2  3  4  5  6 |
---------------+-------------------+-----
Ice Magic      | 5 6 7 |  7.0
Spellcasting   | 3 4 |  4.0
Dodging        | |  1.7
Stealth        | |  1.7

Action                   |  1- 3 |  4- 6 || total
-------------------------+-------+-------++-------
Melee: Whip              |   145 |   144 ||   289
       Tailslap          |    20 |     8 ||    28
       Unarmed           |     4 |       ||     4
 Cast: Freeze            |    20 |    23 ||    43
       Frozen Ramparts   |       |     8 ||     8
       Ozocubu's Armour  |       |     4 ||     4
 Stab: Sleeping          |     6 |     1 ||     7
Armor: Skin              |    48 |    78 ||   126
Dodge: Dodged            |   105 |   130 ||   235

Table legend: (Time is in decaauts)
 A = Elapsed time spent in this place.
 B = Non-inter-level travel time spent in this place.
 C = Inter-level travel time spent in this place.
 D = Time resting spent in this place.
 E = Time spent auto-exploring this place.
 F = Levels seen in this place.
 G = Mean time per level.
                   A        B        C        D        E       F      G
               +--------+--------+--------+--------+--------+-----+--------+
         Total |   4268 |   4087 |    181 |    991 |   2272 |   4 | 1067.0 |
       Dungeon |   4268 |   4087 |    181 |    991 |   2272 |   4 | 1067.0 |
               +--------+--------+--------+--------+--------+-----+--------+

Top non-repeatable levels by time:
     D:3: 1563 daAuts
     D:1: 1311 daAuts
     D:2: 1177 daAuts
     D:4: 215 daAuts
